 Dungeon Crawl Stone Soup version 0.30.0-5-g1a98f26d00 (webtiles) character file.

Game seed: 7710340311350379285

52 hogiebunz the Shield-Bearer (level 4, -2/31 HPs)
             Began as a Meteoran Fighter on May 9, 2023.
             Slain by Sigmund
             ... wielding a +0 scythe
              (4 damage)
             ... on level 2 of the Dungeon.
             The game lasted 00:03:17 (933 turns).

hogiebunz the Shield-Bearer (Meteoran Fighter)       Turns: 933, Time: 00:03:18

Health: -2/31      AC:  7    Str: 19    XL:     4   Next: 29%
Magic:  5/5        EV:  9    Int: 10    God:
Gold:   69         SH:  5    Dex: 13    Spells: 3/3 levels left

rFire   . . .        a - +0 flail
rCold   . . .        c - +0 buckler
rNeg    . . .        b - +0 scale mail
rPois   .            (no helmet)
rElec   .            (no cloak)
rCorr   .            (no gloves)
SInv    .            (no boots)
Will    .....        (no amulet) Stlth
                     (no ring)
HPRegen 0.25/turn    (no ring)
MPRegen 0.09/turn

%: no passive effects
@: glowing
A: sense surroundings 1, otherworldly, glowing, explore regen
a: no special abilities


You were on level 2 of the Dungeon.
You visited 1 branch of the dungeon, and saw 2 of its levels.

You collected 69 gold pieces.

Inventory:

Hand Weapons
 a - a +0 flail (weapon)
Armour
 b - a +0 scale mail (worn)
 c - a +0 buckler (worn)
Magical Staves
 l - a staff of earth
Jewellery
 h - a ring of poison resistance
Scrolls
 f - a scroll of identify {unknown}
 i - a scroll of magic mapping {unknown}
 n - a scroll of enchant armour {unknown}
 o - a scroll of fear {unknown}
Potions
 d - a potion of might
 e - a potion of ambrosia {unknown}
 g - 4 potions of heal wounds {unknown}
 j - 2 potions of magic {unknown}
 k - a potion of resistance {unknown}
 m - 2 potions of flight {unknown}


   Skills:
 + Level 3.7 Fighting
 + Level 3.6 Maces & Flails
 + Level 4.2 Armour
 + Level 4.2 Shields


You had 3 spell levels left.
You didn't know any spells.
Your spell library was empty.

Dungeon Overview and Level Annotations

Branches:
Dungeon (2/15) Zot: 438

Altars:

Annotations:
D:2 Sigmund


Innate Abilities, Weirdness & Mutations

You passively map a small area around you.
You are easily found by Zot.
You glow in the dark.
You regain HP and MP as you explore.


Message History

A goblin comes into view. It is wielding a +0 club.
The goblin shouts!
Autopickup is now on.
Something hits you but does no damage.
Deactivating autopickup; reactivate with Ctrl-A.
The goblin barely misses you.
You sock the goblin!
You kill the goblin!
No target in view!
No target in view!
No target in view!
No target in view!
No target in view!
No target in view!
No target in view!
No target in view!
No target in view!
No target in view!
No target in view!
No target in view!
No target in view!
You hear some strange, mumbled words.
A magic dart appears from out of thin air!
The magic dart hits you.
Things that are here:
a +0 club; a goblin corpse Something hits you!
Found a sedimented golden potion.
Something hits you but does no damage.
No target in view!
You barely miss something. Something hits you!
You closely miss something. Something hits you.
You miss something. You hit something. Something hits you.
You barely miss something. Something hits you!
* * * LOW HITPOINT WARNING * * *
You closely miss something. Something hits you.
* * * LOW HITPOINT WARNING * * *
You completely miss something. You block something's attack.
You closely miss something. Something hits you.
You die...

* * * #..# #.#
#..# ,
####.###..# , ,
,,.........# *
, , ...####.#
., #..# #.#
...####..# #.#
........{####.#
,
.......@.)....#
....)##.#######
!.., #.# * . ,
#.# * * ,!.., *
, * , ,... *
##.# ,,, , *
#.# * ,


There were no monsters in sight!

Vanquished Creatures
  An adder (D:2)
  A worm (D:2)
  A dart slug (D:2)
  4 endoplasms (D:1)
  A giant cockroach (D:1)
  3 goblins
  A hobgoblin (D:1)
  4 jackals (D:1)
  2 quokkas (D:1)
  3 ball pythons
  6 bats
  A frilled lizard (D:1)
  3 kobolds (D:1)
  6 rats
37 creatures vanquished.

Notes
Turn   | Place    | Note
-------+----------+-------------------------------------------
     0 | D:1      | hogiebunz the Meteoran Fighter began the quest for the Orb.
     0 | D:1      | Reached XP level 1. HP: 19/19 MP: 2/2
   190 | D:1      | Reached XP level 2. HP: 23/26 MP: 3/3
   487 | D:1      | Glimpsed the power of Zot.
   534 | D:1      | Reached XP level 3. HP: 31/31 MP: 4/4
   536 | D:1      | Glimpsed the power of Zot.
   573 | D:1      | Glimpsed the power of Zot.
   581 | D:1      | Touched by the power of Zot.
   680 | D:1      | Glimpsed the power of Zot.
   730 | D:1      | Glimpsed the power of Zot.
   849 | D:2      | Reached XP level 4. HP: 31/31 MP: 5/5
   913 | D:2      | Noticed Sigmund
   933 | D:2      | Slain by Sigmund

Illustrated notes

Levels and vault maps discovered:
D:1:      sevenhm_arrival_forest_fort_small_5, layout_rooms,
          minmay_misc_feat_enclosed, nrook_mini_vaults, hangedman_decor_growths,
          serial_park_tiny_pond, minmay_pentomino_v2
D:2:      layout_loops_ring, uniq_sigmund, uniq_robin

Skill      XL: |  1  2  3 |
---------------+----------+-----
Maces & Flails | 3 |  3.6
Armour         | 4 |  4.2
Shields        | 4 |  4.2
Fighting       | |  3.7

Action                     |  1- 3 |  4- 6 || total
---------------------------+-------+-------++-------
  Melee: Flail             |    81 |    17 ||    98
 Armour: Scale mail        |    51 |     8 ||    59
  Dodge: Dodged            |    37 |     3 ||    40
  Block: Buckler           |    13 |     2 ||    15
